 Dungeon Crawl Stone Soup version 0.31-a0-354-g827e0957a7 (webtiles) character file.

Game seed: 41090958467161996

30648 arthad the Geomancer (level 13, -1/76 HPs)
             Began as a Gargoyle Earth Elementalist on July 23, 2023.
             Was an Elder of Vehumet.
             Slain by a death knight
             ... wielding a +2 heavy battleaxe
              (26 damage)
             ... on level 12 of the Dungeon.
             The game lasted 00:38:08 (13258 turns).

arthad the Geomancer (Gargoyle Earth Elementalist) Turns: 13258, Time: 00:38:08

Health: -1/76      AC: 18    Str: 18    XL:     13   Next: 53%
Magic:  0/26       EV: 12    Int: 25    God:    Vehumet [****..]
Gold:   1188       SH:  8    Dex: 10    Spells: 8/30 levels left

rFire   + . .        E - +9 flail "Syuwek" {venom, rPois Str+3}
rCold   + . .        L - +0 kite shield
rNeg    + . .        b - +2 robe {rC+}
rPois   ∞            B - +0 helmet "Pyick" {Drain rElec Int+4 Stlth+}
rElec   +            X - +0 cloak {rCorr}
rCorr   +            (no gloves)
SInv    +            D - +0 pair of boots of the Undertaker {Str+3}
Will    .....        f - amulet of regeneration
Stlth   +++++        x - ring of see invisible
HPRegen 1.12/turn    H - ring of protection from fire
MPRegen 0.20/turn

%: no passive effects
@: very slightly contaminated
A: sickness immunity, AC +9, negative energy resistance 1, electricity
resistance, torment resistance 1, petrification resistance
a: Renounce Religion


You were on level 12 of the Dungeon.
You worshipped Vehumet.
Vehumet was greatly pleased with you.
You visited 2 branches of the dungeon, and saw 14 of its levels.
You also visited: Ice Cave.

You collected 1243 gold pieces.
You spent 55 gold pieces at shops.

Inventory:

Hand Weapons
 w - a +4 quarterstaff of chaos
 E - the +9 flail "Syuwek" (weapon) {venom, rPois Str+3}
   (You found it on level 5 of the Dungeon)

   Str:       It affects your strength (+3).
   rPois:     It protects you from poison.
 Q - the +1 dagger "Nistry" {vamp, rF+ rC+ Str+4}
   (You found it on level 8 of the Dungeon)

   Str:       It affects your strength (+4).
   rF:        It protects you from fire.
   rC:        It protects you from cold.
 T - a +1 scimitar of flaming
 U - a -2 demon whip of venom
Missiles
 J - 32 poisoned darts
 O - a curare-tipped dart
Armour
 b - a +2 robe of cold resistance (worn)
 B - the +0 helmet "Pyick" (worn) {Drain rElec Int+4 Stlth+}
   (You found it on level 5 of the Dungeon)

   Int:       It affects your intelligence (+4).
   rElec:     It insulates you from electricity.
   Drain:     It drains your maximum health when unequipped.
   Stlth:     It makes you more stealthy.
 D - the +0 pair of boots of the Undertaker (worn) {Str+3}
   (You found it on level 5 of the Dungeon)

   Str:       It affects your strength (+3).
 L - a +0 kite shield (worn)
 P - +0 steam dragon scales
 X - a +0 cloak of preservation (worn)
Magical Staves
 K - a staff of fire
 N - a staff of air
Jewellery
 d - a ring of ice
 f - an amulet of regeneration (around neck)
 m - a ring of flight
 q - a ring of willpower
 u - a ring of protection from fire
 x - a ring of see invisible (left hand)
 A - a +6 ring of strength
 H - a ring of protection from fire (right hand)
 Y - an amulet of the acrobat
Talismans
 e - a serpent talisman
 Z - a maw talisman
Wands
 n - a wand of charming (17)
 t - a wand of flame (26)
 S - a wand of roots (7)
 W - a wand of mindburst (2)
Scrolls
 c - a scroll of silence {unknown}
 g - 2 scrolls of vulnerability
 h - 4 scrolls of teleportation
 j - a scroll of immolation
 l - 2 scrolls of fog
 p - 2 scrolls of revelation
 r - a scroll of blinking {unknown}
 s - 2 scrolls of enchant armour {unknown}
 v - 5 scrolls of fear {unknown}
 y - a scroll of poison {unknown}
 C - 3 scrolls of noise {unknown}
 F - a scroll of enchant weapon {unknown}
 I - a scroll of amnesia {unknown}
 M - 3 scrolls of butterflies {unknown}
Potions
 a - a potion of curing
 i - a potion of enlightenment
 k - 2 potions of ambrosia
 o - 4 potions of attraction
 z - 3 potions of resistance
 G - 2 potions of might
 R - a potion of lignification
 V - a potion of brilliance


   Skills:
 + Level 7.1 Fighting
 - Level 2.7(2.9) Maces & Flails
 - Level 1.3(2.2) Staves
 + Level 7.0 Armour
 + Level 6.1 Dodging
 + Level 9.0 Stealth
 - Level 3.0 Shields
 * Level 9.2 Spellcasting
 + Level 6.9 Conjurations
 + Level 6.0 Transmutations
 * Level 12.1 Earth Magic


You had 8 spell levels left.
You knew the following spells:

 Your Spells              Type           Power      Damage    Failure   Level
a - Sandblast             Erth           100%       2d20      1%          1
b - Passwall              Tmut/Erth      45%        N/A       1%          2
c - Stone Arrow           Conj/Erth      100%       3d13      1%          3
d - Petrify               Tmut/Erth      54%        N/A       3%          4
e - Lee's Rapid Deconstr  Erth           32%        3d16*     1%          5
f - Mephitic Cloud        Conj/Pois/Air  23%        N/A       4%          3
g - Sticky Flame          Conj/Fire      28%        2d5       10%         4

Your spell library contained the following spells:

 Spells                   Type           Power      Damage    Failure   Level
 Static Discharge         Conj/Air       56%        2-5/arc   1%          2
 Frozen Ramparts          Ice            22%        1d4       12%         3
 Animate Armour           Summ/Erth      82%        N/A       12%         4
 Airstrike                Air            5%         2d(1-17)  34%         4
 Gell's Gravitas          Tloc           11%        N/A       41%         3
 Ozocubu's Armour         Ice            11%        N/A       41%         3
 Teleport Other           Tloc           11%        N/A       41%         3
 Summon Lightning Spire   Summ/Air       11%        N/A       82%         4
 Metabolic Englaciation   Hex/Ice        5%         N/A       99%         5
 Dispersal                Tloc           5%         N/A       100%        6
 Ozocubu's Refrigeration  Ice            5%         4d8       100%        7


Dungeon Overview and Level Annotations

Branches:
Dungeon (13/15)            Temple (1/1) D:6            Lair (0/5) D:8
    Orc (0/2) D:11          IceCv (visited)
 Vaults: D:13-14

Altars:
Ashenzari
Cheibriados
Dithmenos
Elyvilon
Fedhas
Gozag
Hepliaklqana
Kikubaaqudgha
Makhleb
Nemelex Xobeh
Okawaru
Qazlal
Ru
Sif Muna
Trog
Uskayaw
Vehumet
Wu Jian
Xom
Yredelemnul
Zin
The Shining One

Shops:
D:2 ?=[*   D:4 [   D:5 *   D:7 (

Annotations:
D:3 3 runed translucent doors, 2 transporters, snackwell's ghost, amateur DsSh
D:10 1 runed translucent door, HallandMoats's ghost, novice DsMo


Innate Abilities, Weirdness & Mutations

You are immune to sickness and miasma.
Your stone body is resilient. (AC +9)
You are immune to poison.
You resist negative energy. (rN+)
You are resistant to electric shocks. (rElec)
You are resistant to unholy torment.
You are immune to petrification.


Message History

Casting: Sandblast (safe; 1% risk of failure)
Confirm with . or Enter, or press ? or * to list all spells.
Aiming: Stone Arrow (safe; 1% risk of failure)
Press: ? - help, Shift-Dir - straight line, f/p - death knight
Aim: a death knight, wielding a +2 heavy battleaxe and wearing a +0 plate armour (moderately wounded, 81% to hit)
The stone arrow hits the death knight!
The death knight is heavily wounded.
The death knight hits you with a +2 heavy battleaxe!!
Casting: Stone Arrow (safe; 1% risk of failure)
Confirm with . or Enter, or press ? or * to list all spells.
Aiming: Stone Arrow (safe; 1% risk of failure)
Press: ? - help, Shift-Dir - straight line, f/p - death knight
Aim: a death knight, wielding a +2 heavy battleaxe and wearing a +0 plate armour (heavily wounded, 81% to hit)
The stone arrow hits the death knight!
The death knight is severely wounded.
The death knight hits you with a +2 heavy battleaxe!!
Casting: Stone Arrow (safe; 1% risk of failure)
Confirm with . or Enter, or press ? or * to list all spells.
Aiming: Stone Arrow (safe; 1% risk of failure)
Press: ? - help, Shift-Dir - straight line, f/p - death knight
Aim: a death knight, wielding a +2 heavy battleaxe and wearing a +0 plate armour (severely wounded, 81% to hit)
The stone arrow misses the death knight.
Casting: Stone Arrow (safe; 1% risk of failure)
Confirm with . or Enter, or press ? or * to list all spells.
Aiming: Stone Arrow (safe; 1% risk of failure)
Press: ? - help, Shift-Dir - straight line, f/p - death knight
Aim: a death knight, wielding a +2 heavy battleaxe and wearing a +0 plate armour (severely wounded, 81% to hit)
The stone arrow hits the death knight!
The death knight is severely wounded.
The death knight invokes the aid of Yredelemnul against you.
Your body is wracked with pain!
Casting: Stone Arrow (safe; 1% risk of failure)
Confirm with . or Enter, or press ? or * to list all spells.
Aiming: Stone Arrow (safe; 1% risk of failure)
Press: ? - help, Shift-Dir - straight line, f/p - death knight
Aim: a death knight, wielding a +2 heavy battleaxe and wearing a +0 plate armour (severely wounded, 81% to hit)
The stone arrow hits the death knight!!
The death knight is almost dead.
The death knight hits you with a +2 heavy battleaxe!!
You die...

.........)....##.#
####.###......##.####
.......#.<..Wz##....#
...#.#.#..#...#####.#
...#......#...# #.#
...#......#...# #.#
.)............# #.#############
.........#..zW#####.#............
...............p@...#.##########.
##...........########.# #.
##........#.........#.# #.
..........#..######.#.# #.
############..# #.#.# #.
#).#####.#.# #. ##.....#.#.# #.
###.#.#.#.# #. #.#<#.#.# #.


You could see a death knight, a skeletal warrior and a freezing wraith.

Vanquished Creatures
  A white draconian (IceCv)
  Harold (D:9)
  Erica (D:9)
  2 two-headed ogres
  Amaemon (D:9)
  A manticore (D:12)
  2 cyclopes
  An ugly thing (D:12)
  Maurice (D:10)
  Joseph (D:7)
  An orange demon (D:9)
  2 ice statues (IceCv)
  A kobold demonologist (D:11)
  2 unseen horrors
  A komodo dragon (D:12)
  4 rime drakes (IceCv)
  A hornet (D:8)
  4 trolls
  Grinder (D:3)
  Sigmund (D:2)
  9 yaks
  A wraith (D:11)
  Eustachio (D:6)
  2 wyverns
  A steam dragon (D:8)
  Grum (D:11)
  6 vampire mosquitoes
  3 acid dragons
  3 water moccasins
  5 orc warriors
  2 sky beasts
  2 ice beasts
  A black bear (D:8)
  7 centaurs
  3 ogres
  3 wolves (D:11)
  5 kobold brigands
  4 bullfrogs
  2 gnoll sergeants
  8 scorpions
  11 wights
  6 killer bees (D:9)
  3 lindwurm simulacra (IceCv)
  A howler monkey (D:9)
  6 komodo dragon simulacra (IceCv)
  7 hounds
  Crazy Yiuf (D:3)
  A jelly (D:7)
  A sleepcap (D:3)
  6 orc wizards
  2 human simulacra (D:11)
  8 gnolls
  6 acid dragon simulacra (IceCv)
  5 adders
  2 white imps
  6 steam dragon simulacra (IceCv)
  A worm (D:4)
  3 dart slugs
  18 orcs
  8 endoplasms
  6 giant cockroaches
  6 goblins
  11 hobgoblins
  6 jackals
  23 kobolds
  2 quokkas
  7 ball pythons
  4 bats
  4 frilled lizards
  9 rats
279 creatures vanquished.

Notes
Turn   | Place    | Note
-------+----------+-------------------------------------------
     0 | D:1      | arthad the Gargoyle Earth Elementalist began the quest for
                  | the Orb.
     0 | D:1      | Reached XP level 1. HP: 10/10 MP: 3/3
   373 | D:1      | Reached skill level 1 in Transmutations
   373 | D:1      | Reached XP level 2. HP: 15/15 MP: 0/5
   828 | D:1      | Reached XP level 3. HP: 19/19 MP: 2/6
  1056 | D:2      | Found Puhaegeb's General Store.
  1064 | D:2      | Bought a potion of heal wounds for 55 gold pieces
  1076 | D:2      | Found Hucluat's Jewellery Boutique.
  1082 | D:2      | Found Tups's Armour Emporium.
  1134 | D:2      | Found Nisodaz's Magic Scroll Shoppe.
  1169 | D:2      | Found a faded altar of an unknown god.
  1169 | D:2      | Noticed Sigmund
  1186 | D:2      | Killed Sigmund
  1187 | D:2      | Reached skill level 4 in Earth Magic
  1187 | D:2      | Reached XP level 4. HP: 20/24 MP: 4/8
  1187 | D:2      | Reached XP level 5. HP: 23/28 MP: 4/9
  1929 | D:3      | Reached XP level 6. HP: 18/32 MP: 3/10
  2246 | D:3      | Found a runed translucent gate.
  2247 | D:3      | Found a runed translucent gate.
  2248 | D:3      | Found a runed translucent gate.
  2267 | D:3      | Noticed snackwell's ghost (amateur DsSh)
  2593 | D:3      | Found a transporter.
  2652 | D:3      | Found a transporter.
  2780 | D:3      | Noticed Grinder
  2787 | D:3      | Killed Grinder
  2788 | D:3      | Reached skill level 5 in Earth Magic
  2788 | D:3      | Reached XP level 7. HP: 19/36 MP: 4/12
  3037 | D:3      | Found a runed translucent door.
  3038 | D:3      | Noticed Crazy Yiuf
  3043 | D:3      | Killed Crazy Yiuf
  3056 | D:3      | Learned a level 2 spell: Passwall
  3060 | D:3      | Learned a level 3 spell: Stone Arrow
  3065 | D:3      | Learned a level 4 spell: Petrify
  3183 | D:4      | Found Huadwem's Antique Armour Shop.
  3476 | D:4      | Reached skill level 1 in Armour
  3759 | D:4      | Reached skill level 1 in Fighting
  3759 | D:4      | Reached skill level 1 in Conjurations
  4232 | D:5      | Entered Level 5 of the Dungeon
  4232 | D:5      | Found Raj Cod's CLEARANCE SALE!.
  4253 | D:5      | Found a shimmering altar of Xom.
  4263 | D:5      | Reached skill level 1 in Staves
  4263 | D:5      | Reached XP level 8. HP: 42/43 MP: 8/14
  4311 | D:5      | Identified the +0 helmet "Pyick" {Drain rElec Int+4 Stlth+}
  4359 | D:5      | Reached skill level 6 in Earth Magic
  4542 | D:5      | Identified the +0 pair of boots of the Undertaker {Str+3}
  4549 | D:5      | Identified the +9 flail "Syuwek" {venom, rPois Str+3}
  4954 | D:6      | Reached skill level 5 in Stealth
  5169 | D:6      | Noticed Eustachio
  5202 | D:6      | Killed Eustachio
  5288 | D:6      | Found a staircase to the Ecumenical Temple.
  5309 | D:6      | Reached XP level 9. HP: 23/49 MP: 12/16
  5498 | D:6      | Reached skill level 5 in Spellcasting
  5498 | D:6      | Reached skill level 7 in Earth Magic
  5556 | Temple   | Entered the Ecumenical Temple
  5570 | Temple   | Became a worshipper of Vehumet
  6092 | D:7      | Noticed a troll
  6096 | D:7      | Noticed Joseph
  6101 | D:7      | Killed a troll
  6201 | D:7      | Found Syzoy's Weapon Emporium.
  6285 | D:7      | Killed Joseph
  6607 | D:7      | Reached * piety under Vehumet
  6607 | D:7      | Offered knowledge of Kiss of Death by Vehumet.
  6608 | D:7      | Reached skill level 8 in Earth Magic
  6614 | D:7      | Learned a level 5 spell: Lee's Rapid Deconstruction
  6776 | D:7      | Reached XP level 10. HP: 52/56 MP: 10/18
  7097 | D:8      | Found a hide-covered altar of Uskayaw.
  7223 | D:8      | Noticed a two-headed ogre
  7230 | D:8      | Killed a two-headed ogre
  7296 | D:8      | Found a staircase to the Lair.
  7402 | D:8      | Reached ** piety under Vehumet
  7445 | D:8      | Offered knowledge of Momentum Strike by Vehumet.
  7446 | D:8      | Reached skill level 9 in Earth Magic
  7547 | D:8      | Identified the +1 dagger "Nistry" {vamp, rF+ rC+ Str+4}
  8245 | D:9      | Noticed Erica
  8251 | D:9      | Killed Erica
  8481 | D:9      | Noticed Harold
  8484 | D:9      | Reached XP level 11. HP: 62/62 MP: 17/21
  8499 | D:9      | Killed Harold
  8500 | D:9      | Reached skill level 5 in Fighting
  8500 | D:9      | Reached skill level 5 in Armour
  8501 | D:9      | Noticed Amaemon
  8512 | D:9      | Reached skill level 5 in Conjurations
  8652 | D:9      | Killed Amaemon
  8653 | D:9      | Reached skill level 5 in Dodging
  8883 | D:9      | Reached skill level 10 in Earth Magic
  9473 | D:9      | Offered knowledge of Mephitic Cloud by Vehumet.
  9491 | D:9      | Learned a level 3 spell: Mephitic Cloud
  9530 | D:9      | Reached skill level 5 in Transmutations
  9682 | D:10     | Entered Level 10 of the Dungeon
  9682 | D:10     | Noticed HallandMoats's ghost (novice DsMo)
  9682 | D:10     | Found a runed translucent door.
  9760 | D:10     | Noticed Maurice
  9769 | D:10     | Killed Maurice
  9809 | D:10     | Found a stormy altar of Qazlal.
  9947 | D:10     | Reached *** piety under Vehumet
 10112 | D:10     | Found a burning altar of Makhleb.
 10431 | D:11     | Noticed a two-headed ogre
 10434 | D:11     | Killed a two-headed ogre
 10478 | D:11     | Offered knowledge of Dazzling Flash by Vehumet.
 10483 | D:11     | Found a frozen archway.
 10653 | IceCv    | Entered an ice cave
 10760 | IceCv    | Reached XP level 12. HP: 44/69 MP: 14/24
 11192 | IceCv    | Reached skill level 11 in Earth Magic
 11239 | IceCv    | Reached **** piety under Vehumet
 11245 | IceCv    | Noticed a white draconian
 11355 | IceCv    | Offered knowledge of Sticky Flame by Vehumet.
 11361 | IceCv    | Learned a level 4 spell: Sticky Flame
 11519 | IceCv    | Killed a white draconian
 11950 | D:11     | Noticed Grum
 11956 | D:11     | Killed Grum
 12202 | D:11     | Found a staircase to the Orcish Mines.
 12226 | D:11     | Reached XP level 13. HP: 76/76 MP: 24/26
 12759 | D:12     | Reached skill level 12 in Earth Magic
 13258 | D:12     | Slain by a death knight

Illustrated notes

Levels and vault maps discovered:
D:1:      tarquinn_simple_flora_water_c, layout_loops_cross, minivault_19
D:2:      layout_basic, serial_shops, nicolae_shop_gaudy_bauble, shop, shop,
          nicolae_shop_just_a_little_nook, hellmonk_ecumenical_altar_lost_god,
          minmay_misc_feat_four_crosses, uniq_sigmund
D:3:      gammafunk_wand_slinger, layout_basic, gammafunk_ghost_necromancy,
          grunt_decor_resistance, minmay_circle_x, uniq_crazy_yiuf_cottage,
          uniq_grinder
D:4:      layout_basic, serial_corexii_hall, chequers_hall_statues_corner_a,
          corexii_hall_statues_l, serial_shops, shop, minmay_box_of_dots
D:5:      layout_rooms, overflow_temple_1_default, chequers_avenue,
          minmay_misc_feat_cross, nicolae_shop_clearance
D:6:      layout_loops_cross, minmay_temple_entry_junction_2, uniq_eustachio
D:7:      layout_basic, serial_shops, shop, uniq_joseph
D:8:      layout_basic, nicolae_uskayaw_dance_studio,
          grunt_lair_entry_orc_guard_hut
D:9:      layout_stronghold, uniq_erica, uniq_amaemon, uniq_harold
D:10:     layout_loops_ring, nicolae_qazlal_scattered_showers, bloody_makhleb,
          hellmonk_ghost_big_iron, uniq_maurice
D:11:     layout_grid_maze, orc_0_dummy, portal_ice_cave_entry_pillars_2,
          bh_circular_ruins, uniq_grum
D:12:     layout_basic
D:13:     layout_basic, ximxim_vaults_locker_room, serial_shops,
          kennysheep_mini, corner_web_ring
Temple:   nicolae_temple_bog_church

Skill      XL: |  1  2  3  4  5  6  7  8  9 10 11 12 13 |
---------------+----------------------------------------+-----
Transmutations | 1 2 3 4 5 6 |  6.0
Dodging        | 2 3 4 5 6 |  6.1
Stealth        | 3 4 5 6 7 8 9 |  9.0
Earth Magic    | 4 5 6 8 9 10 11 12 | 12.1
Spellcasting   | 3 4 5 6 8 9 |  9.2
Armour         | 1 2 3 4 5 6 7 |  7.0
Fighting       | 1 2 3 4 5 6 7 |  7.1
Conjurations   | 1 2 3 4 5 6 |  6.9
Staves         | 1 |  1.3
Maces & Flails | 2 |  2.7
Shields        | 3 |  3.0

Action                     |  1- 3 |  4- 6 |  7- 9 | 10-12 | 13-15 || total
---------------------------+-------+-------+-------+-------+-------++-------
  Melee: Unarmed           |     1 |       |       |       |       ||     1
         Flail             |       |       |    26 |    13 |     2 ||    41
         Punch             |       |       |     1 |       |       ||     1
  Throw: Dart              |       |       |     7 |       |       ||     7
   Cast: Sandblast         |    41 |    61 |   153 |   209 |    34 ||   498
         Stone Arrow       |       |       |     7 |    25 |     7 ||    39
         Lee's Rapid Decon |       |       |     1 |    41 |     1 ||    43
    Use: Potion            |     4 |       |     3 |     2 |     4 ||    13
         Scroll            |       |       |     1 |    12 |     1 ||    14
 Armour: Robe              |     2 |     5 |    48 |    67 |    19 ||   141
  Dodge: Dodged            |    12 |     8 |    70 |   113 |    16 ||   219
  Block: Kite shield       |       |       |       |       |    12 ||    12

Table legend: (Time is in decaauts)
 A = Elapsed time spent in this place.
 B = Non-inter-level travel time spent in this place.
 C = Inter-level travel time spent in this place.
 D = Time resting spent in this place.
 E = Time spent auto-exploring this place.
 F = Levels seen in this place.
 G = Mean time per level.
                   A        B        C        D        E       F      G
               +--------+--------+--------+--------+--------+-----+--------+
         Total |  13487 |  13075 |    412 |    996 |  10069 |  15 |  899.1 |
       Dungeon |  12255 |  11865 |    390 |    577 |   9531 |  13 |  942.7 |
        Temple |     26 |      4 |     22 |      0 |      0 |   1 |   26.0 |
      Ice Cave |   1205 |   1205 |      0 |    419 |    538 |   1 | 1205.0 |
               +--------+--------+--------+--------+--------+-----+--------+

Top non-repeatable levels by time:
     D:9: 1448 daAuts
     D:3: 1357 daAuts
     D:8: 1323 daAuts
   IceCv: 1205 daAuts
     D:4: 1140 daAuts
     D:1: 1050 daAuts
    D:11: 1027 daAuts
     D:6: 1002 daAuts
     D:7: 934 daAuts
     D:5: 817 daAuts
    D:10: 772 daAuts
     D:2: 743 daAuts
    D:12: 631 daAuts
  Temple: 26 daAuts
    D:13: 4 daAuts
